 Dungeon Crawl Stone Soup version 0.24-b1-30-g840c9efd86 (webtiles) character file.

Game seed: 2796654337079390848, levelgen mode: deterministic

16 Mesmaeker13 the Charmwright (level 2, -1/24 HPs)
             Began as a Demigod Skald on Oct 24, 2019.
             Slain by a leopard gecko (2 damage)
             ... on level 1 of the Dungeon.
             The game lasted 00:00:30 (806 turns).

Mesmaeker13 the Charmwright (Demigod Skald)          Turns: 806, Time: 00:00:31

Health: -1/24      AC:  3    Str: 14    XL:     2   Next: 27%
Magic:  4/7        EV: 12    Int: 17    God:
Gold:   43         SH:  0    Dex: 15    Spells: 3/4 levels left

rFire    . . .     SeeInvis .   a - +0 falchion
rCold    . . .     Gourm    .   (no shield)
rNeg     . . .     Faith    .   b - +0 leather armour
rPois    .         Spirit   .   (no helmet)
rElec    .         Reflect  .   (no cloak)
rCorr    .         Harm     .   (no gloves)
MR       .....                  (no boots)
Stlth    +.........             (no amulet)
HPRegen  0.08/turn              (no ring)
MPRegen  0.10/turn              (no ring)

@: infused (expiring)
A: high mp 1
a: no special abilities


You were on level 1 of the Dungeon.
You were not hungry.

You visited 1 branch of the dungeon, and saw 1 of its levels.

You collected 43 gold pieces.

Inventory:

Hand Weapons
 a - a +0 falchion (weapon)
Armour
 b - a +0 leather armour (worn)
Scrolls
 g - a scroll of teleportation {unknown}
 h - a scroll of immolation {unknown}
 j - a scroll of noise {unknown}
Potions
 c - a potion of flight {unknown}
 e - 2 potions of curing {unknown}
 i - a potion of lignification {unknown}
Comestibles
 d - a ration
 f - 3 chunks of flesh


   Skills:
 + Level 2.1 Fighting
 + Level 2.1 Long Blades
 + Level 1.2 Armour
 + Level 2.0 Dodging
 - Level 1.7 Spellcasting
 - Level 2.6 Charms


You had 3 spell levels left.
You knew the following spells:

 Your Spells              Type           Power        Failure   Level  Hunger
a - Infusion              Chrm           ##..         9%          1    #......

Your spell library contained the following spells:

 Spells                   Type           Power        Failure   Level  Hunger
 Song of Slaying          Chrm           ##......     12%         2    ###....
 Shroud of Golubria       Chrm/Tloc      #.....       22%         2    ###....
 Regeneration             Chrm/Necr      #.........   38%         3    ###....
 Spectral Weapon          Hex/Chrm       #.......     38%         3    ###....


Dungeon Overview and Level Annotations

Branches:
Dungeon (1/15)


Innate Abilities, Weirdness & Mutations

You have an increased reservoir of magic. (+10% MP)


Message History

You are too injured to fight recklessly!
You are too injured to fight recklessly!
You miss the leopard gecko.
Your magical infusion is running out.
The leopard gecko barely misses you.
You riposte.
You miss the leopard gecko. You miss the leopard gecko.
The leopard gecko barely misses you.
You miss the leopard gecko. The leopard gecko barely misses you.
You riposte.
You miss the leopard gecko. The leopard gecko bites you.
* * * LOW HITPOINT WARNING * * *
You hit the leopard gecko.
The leopard gecko is heavily wounded.
The leopard gecko bites you.
* * * LOW HITPOINT WARNING * * *
You closely miss the leopard gecko.
The leopard gecko is heavily wounded.
The leopard gecko closely misses you.
You riposte.
You barely miss the leopard gecko.
The leopard gecko is moderately wounded.
The leopard gecko bites you.
You die...

##....####.#.# #.# #.>..# #.
...........#.# #.# #.##.# ##
############## ### ###### ###
###### .. ##...#. #.# # #...#..
#.. ##. ##..###. #### #l##
#..###..## ## #..####
###@####.#..#..# # ##.....###
##..###...##...## ##
.........####.### #...#### ##.
##........#'.#.## ###.### ##..
#.........####†# ##.....## ##...
#.........## #.###.......###...#
##..........######...###...##...#
#.............##....## ##..#.##..
#...........#....#..## ##...###..


You could see a leopard gecko.

Vanquished Creatures
  An ooze (D:1)
  2 dart slugs (D:1)
  A hobgoblin (D:1)
  2 bats (D:1)
  2 kobolds (D:1)
  2 rats (D:1)
10 creatures vanquished.

Notes
Turn   | Place    | Note
-------+----------+-------------------------------------------
     0 | D:1      | Mesmaeker13 the Demigod Skald began the quest for the Orb.
     0 | D:1      | Reached XP level 1. HP: 17/17 MP: 5/5
   158 | D:1      | Reached skill level 1 in Armour
   689 | D:1      | Reached XP level 2. HP: 22/24 MP: 7/7
   805 | D:1      | HP: 1/24 [leopard gecko (4)]
   806 | D:1      | Slain by a leopard gecko

Skill      XL: |  1 |
---------------+----+-----
Armour         | 1 |  1.2
Fighting       | 2 |  2.1
Long Blades    | 2 |  2.1
Dodging        | 2 |  2.0
Spellcasting   | |  1.7
Charms         | |  2.6

Action                   || total
-------------------------++-------
Melee: Falchion          ||    38
 Cast: Infusion          ||     1
 Stab: Sleeping          ||     2
Armor: Leather armour    ||     5
Dodge: Dodged            ||    24
       Rpst.: Falchion   ||     9
